 Dungeon Crawl Stone Soup version 0.20-a0-251-g16a58bf (webtiles) character file.

273 KristoblXynda the Stinger (level 6, -7/45 HPs)
             Began as a Draconian Venom Mage on Nov 30, 2016.
             Mangled by nht's ghost (13 damage)
             ... on level 3 of the Dungeon.
             The game lasted 00:07:57 (3191 turns).

KristoblXynda the Stinger (Draconian Venom Mage)    Turns: 3191, Time: 00:07:57

Health: -7/45      AC:  6    Str: 10    XL:     6   Next: 3%
Magic:  11/11      EV: 12    Int: 18    God:
Gold:   125        SH:  0    Dex: 11    Spells: 7/11 levels left

rFire  . . .     SeeInvis .     (no weapon)
rCold  . . .     Gourm    .     (armour unavailable)
rNeg   + . .     Faith    .     (no shield)
rPois  .         Spirit   .     (helmet restricted)
rElec  .         Reflect  .     (no cloak)
rCorr  .         Harm     .     (no gloves)
MR     .....                    (no boots)
Stlth  ++........               (no amulet)
                                (no ring)
                                c - ring of positive energy

@: no status effects
A: unfitting armour, cold-blooded, AC +6
a: no special abilities


You were on level 3 of the Dungeon.
You were not hungry.

You visited 1 branch of the dungeon, and saw 3 of its levels.

You collected 125 gold pieces.

Inventory:

Jewellery
 c - a ring of positive energy (left hand)
Scrolls
 e - 5 scrolls of remove curse
 f - 3 scrolls of amnesia
 k - a scroll of enchant weapon
 m - a scroll of recharging
 n - a scroll of identify
Potions
 h - a potion of curing
 i - a potion of cure mutation
Books
 a - a Young Poisoner's Handbook

   Spells                             Type                      Level
   a - Sting                          Conjuration/Poison           1
   b - Mephitic Cloud                 Conjuration/Poison/Air       3
   c - Olgreb's Toxic Radiance        Poison                       4
   d - Alistair's Intoxication        Transmutation/Poison         5
   e - Venom Bolt                     Conjuration/Poison           5
Comestibles
 b - 2 bread rations
 d - a meat ration
 g - 2 chunks of flesh
 j - a beef jerky
 l - 2 royal jellies


   Skills:
 - Level 1.7 Dodging
 - Level 1.7 Stealth
 + Level 3.4 Spellcasting
 + Level 3.3 Conjurations
 + Level 0.2 Air Magic
 - Level 5.4 Poison Magic


You had 7 spell levels left.
You knew the following spells:

 Your Spells              Type           Power        Failure   Level  Hunger
a - Sting                 Conj/Pois      ###.         2%          1    None
b - Mephitic Cloud        Conj/Pois/Air  ##......     17%         3    ###....


Dungeon Overview and Level Annotations

Branches:
Dungeon (3/15)

Altars:
Dithmenos
Kikubaaqudgha
Okawaru
Sif Muna
Zin
The Shining One

Annotations:
D:3 nht's ghost, amateur CeHu


Innate Abilities, Weirdness & Mutations

Your plain brown scales are hard. (AC +6)
You cannot fit into any form of body armour.
You are cold-blooded and may be slowed by cold attacks.


Message History

n - a scroll of identify
Okay, then.
There is a stone staircase leading down here.
Nht's ghost turns its malevolent gaze towards you.
Nht's ghost is too close now for your liking.
Nht's ghost is nearby!
Okay, then.
Okay, then.
Okay, then.
Nht's ghost hits you.
You are electrocuted!
Nht's ghost hits you but does no damage.
Nht's ghost barely misses you. Nht's ghost hits you.
Nht's ghost tells you, "The cards don't hold a good future for you."
Nht's ghost hits you.
You are electrocuted!
* * * LOW HITPOINT WARNING * * *
Nht's ghost hits you.
* * * LOW HITPOINT WARNING * * *
You are electrocuted!
You die...

.# #####...#######.##.... .#
##............#... .#
###.##......##..... .#
#.>.###....###..... .#
#.#..###..###.....# .#
#.#...######...#..#
.##############.#....# #........
.....................# #....#.##
.#.#############@...######.....#
.#.# #W..###..###....## #..#
#..###....###..... ##.#
#..##......##.#.## #..#
#.............#... .#.#
#.....############ ##.# #######
# ##.# # ##)# #


You could see nht's ghost.

Vanquished Creatures
  An orc warrior (D:2)
  An orc wizard (D:3)
  7 adders
  An ooze (D:2)
  A dart slug (D:1)
  4 leopard geckos
  8 orcs
  4 giant cockroaches
  3 goblins
  9 hobgoblins
  6 jackals
  4 kobolds
  2 ball pythons (D:2)
  10 bats
  9 frilled lizards
  4 rats
74 creatures vanquished.

Notes
Turn   | Place    | Note
-------+----------+-------------------------------------------
     0 | D:1      | KristoblXynda the Draconian Venom Mage began the quest for the Orb.
     0 | D:1      | Reached XP level 1. HP: 14/14 MP: 3/3
   385 | D:1      | Reached skill level 1 in Conjurations
   391 | D:1      | Reached XP level 2. HP: 20/20 MP: 0/5
  1215 | D:2      | Reached XP level 3. HP: 26/26 MP: 0/6
  1737 | D:2      | Reached XP level 4. HP: 24/33 MP: 3/7
  1910 | D:2      | Found a shadowy altar of Dithmenos.
  1912 | D:2      | Found an iron altar of Okawaru.
  1913 | D:2      | Found a deep blue altar of Sif Muna.
  1914 | D:2      | Found a glowing golden altar of the Shining One.
  1914 | D:2      | Found an ancient bone altar of Kikubaaqudgha.
  1915 | D:2      | Found a glowing silver altar of Zin.
  2116 | D:2      | Noticed an orc warrior
  2139 | D:2      | Learned a level 3 spell: Mephitic Cloud
  2148 | D:2      | Killed an orc warrior
  2148 | D:2      | Reached skill level 5 in Poison Magic
  2148 | D:2      | Reached XP level 5. HP: 34/38 MP: 2/9
  2762 | D:3      | Noticed nht's ghost (amateur CeHu)
  3107 | D:3      | Reached XP level 6. HP: 45/45 MP: 6/11
  3191 | D:3      | Mangled by nht's ghost

Vault maps used:
D:1:      enne_arrival_octagon_isle, minmay_cut_off
D:2:      minmay_diamond_boxcup, grunt_temple_overflow_open, first_bread
D:3:      minivault_19, minmay_statues_item

Skill      XL: |  1  2  3  4 |
---------------+-------------+-----
Conjurations   | 1 2 3 |  3.3
Spellcasting   | 3 |  3.4
Poison Magic   | 5 |  5.4
Dodging        | |  1.7
Stealth        | |  1.7
Air Magic      | |  0.2

Action                   |  1- 3 |  4- 6 || total
-------------------------+-------+-------++-------
Melee: Unarmed           |   117 |    25 ||   142
       Tailslap          |    12 |     1 ||    13
 Cast: Sting             |    52 |    69 ||   121
       Mephitic Cloud    |       |     1 ||     1
  Use: Potion            |       |     1 ||     1
       Scroll            |       |     7 ||     7
 Stab: Confused          |       |     2 ||     2
  Eat: Chunk             |     4 |     4 ||     8
Armor: Skin              |    66 |    17 ||    83
Dodge: Dodged            |   118 |    45 ||   163
